APL (24 & UNDER)
BEAVERTON BRONZE SOULS @ ATHENS ASSASSINS
08/23/2027
 
TOP OF THE 1ST
Beaverton Bronze Souls batting - Pitching for Athens Assassins : RHP Juan Carlos Guerrero
Pitching: RHP Juan Carlos Guerrero
Batting: RHB José Dávila 0-0: Ball
1-0: Fly out, F8 (Flyball, 8RD)
Batting: SHB Alberto Sandoval 0-0: Called Strike
0-1: Ball
1-1: Ball
2-1: Foul Ball, location: 2F
2-2: Ball
3-2: Strikes out swinging
Batting: LHB Luis Aragón 0-0: Called Strike
0-1: Called Strike
0-2: Ball
1-2: Ball
2-2: Foul Ball, location: 2F
2-2: Ball
3-2: Ground out 4-3 (Groundball, 34D)
Top of the 1st over - 0 run(s), 0 hit(s), 0 error(s), 0 left on base; Beaverton 0 - Athens 0
BOTTOM OF THE 1ST
Athens Assassins batting - Pitching for Beaverton Bronze Souls : RHP Terry Norris
Pitching: RHP Terry Norris
Batting: LHB José Martínez 0-0: Called Strike
0-1: Swinging Strike
0-2: Fly out, F9 (Flyball, 9S)
Batting: RHB James Anderson 0-0: Foul Ball, location: 2F
0-1: Swinging Strike
0-2: SINGLE (Groundball, 4D)
Batting: RHB Foster Hapgood 0-0: Ball
1-0: Swinging Strike
1-1: Ball
2-1: Foul Ball, location: 2F
2-2: Ball
3-2: Strikes out swinging
Batting: LHB Xavier Smith 0-0: Called Strike
0-1: Ball
1-1: Ball
2-1: Foul Ball, location: 2F
2-2: Strikes out swinging
Bottom of the 1st over - 0 run(s), 1 hit(s), 0 error(s), 1 left on base; Beaverton 0 - Athens 0
TOP OF THE 2ND
Beaverton Bronze Souls batting - Pitching for Athens Assassins : RHP Juan Carlos Guerrero
Batting: RHB David Kerr 0-0: Ball
1-0: Called Strike
1-1: Ball
2-1: Called Strike
2-2: Ball
3-2: Foul Ball, location: 2F
3-2: Foul Ball, location: 2F
3-2: Strikes out swinging
Batting: RHB Rusty Anderson 0-0: Ball
1-0: Foul Ball, location: 2F
1-1: Ball
2-1: SINGLE (Flyball, 8LS)
Batting: SHB Felipe Castro 0-0: Called Strike
0-1: Foul Ball, location: 2F
0-2: Ball
1-2: Ball
2-2: TRIPLE (Line Drive, 8LXD)
Rusty Anderson scores
Batting: RHB Vernon Harris 0-0: Called Strike
0-1: Ball
1-1: Ball
2-1: Ball
3-1: Fly out, F7 (Flyball, 7)
Runner from 3rd tags up, SCORES, throw made
Batting: RHB Rubén Ramírez 0-0: Ball
1-0: Foul Ball, location: 2F
1-1: TRIPLE (Line Drive, 8RD)
Batting: SHB Caleb Hart 0-0: Ball
1-0: Called Strike
1-1: Ball
2-1: 2-RUN HOME RUN (Flyball, 9D), Distance : 361 ft
Batting: RHB José Dávila 0-0: Foul Ball, location: 2F
0-1: Ball
1-1: Foul Ball, location: 2F
1-2: Strikes out swinging
Top of the 2nd over - 4 run(s), 4 hit(s), 0 error(s), 0 left on base; Beaverton 4 - Athens 0
BOTTOM OF THE 2ND
Athens Assassins batting - Pitching for Beaverton Bronze Souls : RHP Terry Norris
Batting: RHB Don Martin 0-0: Foul Ball, location: 2F
0-1: Foul Ball, location: 2F
0-2: Ground out U3 (Groundball, 34S)
Batting: RHB Júlio Castillo 0-0: Ball
1-0: Called Strike
1-1: Ball
2-1: Ball
3-1: Fly out, F9 (Flyball, 9LM)
Batting: RHB Luis López 0-0: Ball
1-0: Ground out 5-3 (Groundball, 2L)
Bottom of the 2nd over - 0 run(s), 0 hit(s), 0 error(s), 0 left on base; Beaverton 4 - Athens 0
TOP OF THE 3RD
Beaverton Bronze Souls batting - Pitching for Athens Assassins : RHP Juan Carlos Guerrero
Batting: SHB Alberto Sandoval 0-0: Foul Ball, location: 2F
0-1: Swinging Strike
0-2: Strikes out swinging, 2-3 out at first.
Batting: LHB Luis Aragón 0-0: Called Strike
0-1: Swinging Strike
0-2: Ball
1-2: Foul Ball, location: 2F
1-2: Ball
2-2: Fly out, F7 (Flyball, 7LM)
Batting: RHB David Kerr 0-0: Ball
1-0: SINGLE (Groundball, 56D)
Batting: RHB Rusty Anderson 0-0: Fly out, F8 (Flyball, 8RM)
Top of the 3rd over - 0 run(s), 1 hit(s), 0 error(s), 1 left on base; Beaverton 4 - Athens 0
BOTTOM OF THE 3RD
Athens Assassins batting - Pitching for Beaverton Bronze Souls : RHP Terry Norris
Batting: LHB Miguel García 0-0: Ball
1-0: Ball
2-0: Ground out U3 (Groundball, 3S)
Batting: RHB Maximino Abbado 0-0: Foul Ball, location: 2F
0-1: Called Strike
0-2: Strikes out swinging
Batting: LHB José Martínez 0-0: Called Strike
0-1: Foul Ball, location: 2F
0-2: Ball
1-2: Strikes out swinging
Bottom of the 3rd over - 0 run(s), 0 hit(s), 0 error(s), 0 left on base; Beaverton 4 - Athens 0
TOP OF THE 4TH
Beaverton Bronze Souls batting - Pitching for Athens Assassins : RHP Juan Carlos Guerrero
Batting: SHB Felipe Castro 0-0: Called Strike
0-1: Ball
1-1: Ball
2-1: Called Strike
2-2: Ball
3-2: Foul Ball, location: 2F
3-2: Strikes out looking
Batting: RHB Vernon Harris 0-0: Called Strike
0-1: SINGLE (Groundball, 56D)
Pitching: RHP James Mantle
Batting: RHB Rubén Ramírez 0-0: Ball
1-0: Ball
2-0: Grounds into double play, 6-4-3 (Groundball, 6)
Top of the 4th over - 0 run(s), 1 hit(s), 0 error(s), 0 left on base; Beaverton 4 - Athens 0
BOTTOM OF THE 4TH
Athens Assassins batting - Pitching for Beaverton Bronze Souls : RHP Terry Norris
Batting: RHB James Anderson 0-0: Ball
1-0: Called Strike
1-1: Ball
2-1: Called Strike
2-2: Ball
3-2: Ground out 6-3 (Groundball, 56)
Batting: RHB Foster Hapgood 0-0: SINGLE (Flyball, 9LS)
Batting: LHB Xavier Smith 0-0: Foul Ball, location: 2F
0-1: Ball
1-1: SINGLE (Groundball, 6MD)
Foster Hapgood to second
Batting: RHB Don Martin 0-0: Foul Ball, location: 2F
0-1: Ball
1-1: Reached on error, E3 (Groundball, 34)
Foster Hapgood to third
Xavier Smith to second
Batting: RHB Júlio Castillo 0-0: Fielders Choice at 2nd, 6-4 (Groundball, 6)
Foster Hapgood scores
Xavier Smith to third
Batting: RHB Luis López 0-0: Ball
1-0: Foul Ball, location: 2F
1-1: Swinging Strike
1-2: Strikes out swinging
Bottom of the 4th over - 1 run(s), 2 hit(s), 1 error(s), 2 left on base; Beaverton 4 - Athens 1
TOP OF THE 5TH
Beaverton Bronze Souls batting - Pitching for Athens Assassins : RHP James Mantle
Batting: SHB Caleb Hart 0-0: Ball
1-0: Called Strike
1-1: Called Strike
1-2: Foul Ball, location: 2F
1-2: Ball
2-2: SINGLE (Line Drive, 8LM)
Batting: RHB José Dávila 0-0: Called Strike
0-1: Ball
1-1: Fly out, F9 (Flyball, 9D)
Batting: SHB Alberto Sandoval 0-0: Foul Ball, location: 2F
0-1: Foul Ball, location: 2F
0-2: Ball
1-2: Strikes out swinging
Batting: LHB Luis Aragón 0-0: Called Strike
0-1: Ball
1-1: Swinging Strike
1-2: Ball
2-2: Strikes out looking
Top of the 5th over - 0 run(s), 1 hit(s), 0 error(s), 1 left on base; Beaverton 4 - Athens 1
BOTTOM OF THE 5TH
Athens Assassins batting - Pitching for Beaverton Bronze Souls : RHP Terry Norris
Batting: LHB Miguel García 0-0: Ball
1-0: Ball
2-0: SINGLE (Groundball, 4D)
Batting: RHB Maximino Abbado 0-0: Hit by Pitch
Miguel García to second
Batting: LHB José Martínez 0-0: Called Strike
0-1: Swinging Strike
0-2: Foul Ball, location: 2F
0-2: Ball
1-2: Ball
2-2: Foul Ball, location: 2F
2-2: Strikes out swinging
Batting: RHB James Anderson 0-0: Ball
1-0: Called Strike
1-1: Fly out, F7 (Flyball, 7)
Batting: RHB Foster Hapgood 0-0: Foul Ball, location: 2F
0-1: Ball
1-1: Foul Ball, location: 2F
1-2: Ball
2-2: Strikes out looking
Bottom of the 5th over - 0 run(s), 1 hit(s), 0 error(s), 2 left on base; Beaverton 4 - Athens 1
TOP OF THE 6TH
Beaverton Bronze Souls batting - Pitching for Athens Assassins : RHP James Mantle
Batting: RHB David Kerr 0-0: Swinging Strike
0-1: Called Strike
0-2: Ball
1-2: Ball
2-2: Strikes out swinging
Batting: RHB Rusty Anderson 0-0: Ball
1-0: Ball
2-0: Called Strike
2-1: Foul Ball, location: 2F
2-2: Foul Ball, location: 2F
2-2: Foul Ball, location: 2F
2-2: Hit by Pitch
Pitching: LHP Mario López
Batting: SHB Felipe Castro 0-0: Ball
1-0: Ball
Rusty Anderson steals 2nd base
2-0: Ball
3-0: Base on Balls
Batting: RHB Vernon Harris 0-0: Ball
1-0: Ball
2-0: Ball
3-0: Called Strike
3-1: Reached on error, E5 (Groundball, 56S)
Rusty Anderson to third
Felipe Castro to second
Batting: RHB Rubén Ramírez 0-0: Ground out 6-3 (Groundball, 6MS)
Rusty Anderson scores
Felipe Castro to third
Vernon Harris to second
Batting: SHB Caleb Hart 0-0: Foul Ball, location: 2F
0-1: Swinging Strike
0-2: Strikes out swinging
Top of the 6th over - 1 run(s), 0 hit(s), 1 error(s), 2 left on base; Beaverton 5 - Athens 1
BOTTOM OF THE 6TH
Athens Assassins batting - Pitching for Beaverton Bronze Souls : RHP Terry Norris
Batting: LHB Xavier Smith 0-0: Ball
1-0: Ball
2-0: Foul Ball, location: 2F
2-1: Called Strike
2-2: Strikes out swinging
Batting: RHB Don Martin 0-0: Swinging Strike
0-1: Swinging Strike
0-2: Ball
1-2: Ball
2-2: Strikes out looking
Batting: RHB Júlio Castillo 0-0: DOUBLE (Line Drive, 7LM)
Pitching: RHP Joe Bailey
Batting: RHB Luis López 0-0: Swinging Strike
0-1: Swinging Strike
0-2: Strikes out looking
Bottom of the 6th over - 0 run(s), 1 hit(s), 0 error(s), 1 left on base; Beaverton 5 - Athens 1
TOP OF THE 7TH
Beaverton Bronze Souls batting - Pitching for Athens Assassins : LHP Mario López
Batting: RHB José Dávila 0-0: Called Strike
0-1: Called Strike
0-2: Strikes out swinging
Batting: SHB Alberto Sandoval 0-0: Fly out, F7 (Flyball, 78M)
Batting: LHB Luis Aragón 0-0: Ball
1-0: Called Strike
1-1: Foul Ball, location: 2F
1-2: Strikes out swinging
Top of the 7th over - 0 run(s), 0 hit(s), 0 error(s), 0 left on base; Beaverton 5 - Athens 1
BOTTOM OF THE 7TH
Athens Assassins batting - Pitching for Beaverton Bronze Souls : RHP Joe Bailey
Batting: LHB Miguel García 0-0: Fly out, F7 (Flyball, 7LM)
Batting: RHB Maximino Abbado 0-0: Fly out, F3 (Flyball, 34D)
Batting: LHB José Martínez 0-0: Ball
1-0: Swinging Strike
1-1: Ball
2-1: Ball
3-1: Called Strike
3-2: Base on Balls
Batting: RHB James Anderson 0-0: Ball
1-0: Swinging Strike
1-1: Swinging Strike
1-2: Strikes out swinging
Bottom of the 7th over - 0 run(s), 0 hit(s), 0 error(s), 1 left on base; Beaverton 5 - Athens 1
TOP OF THE 8TH
Beaverton Bronze Souls batting - Pitching for Athens Assassins : LHP Mario López
Batting: RHB David Kerr 0-0: Ground out 4-3 (Groundball, 4)
Batting: RHB Rusty Anderson 0-0: Ball
1-0: Ball
2-0: Called Strike
2-1: Ground out 1-3 (Groundball, 15S)
Batting: SHB Felipe Castro 0-0: Ball
1-0: Foul Ball, location: 2F
1-1: Ball
2-1: Swinging Strike
2-2: Strikes out looking
Top of the 8th over - 0 run(s), 0 hit(s), 0 error(s), 0 left on base; Beaverton 5 - Athens 1
BOTTOM OF THE 8TH
Athens Assassins batting - Pitching for Beaverton Bronze Souls : RHP Joe Bailey
Batting: RHB Foster Hapgood 0-0: Foul Ball, location: 2F
0-1: Fly out, F8 (Flyball, 8RM)
Batting: LHB Xavier Smith 0-0: Ball
1-0: Called Strike
1-1: Ground out 4-3 (Groundball, 4)
Batting: RHB Don Martin 0-0: Called Strike
0-1: Ball
1-1: Called Strike
1-2: SINGLE (Line Drive, 9LS)
Batting: RHB Júlio Castillo 0-0: Ball
1-0: Called Strike
1-1: Foul Ball, location: 2F
1-2: Foul Ball, location: 2F
1-2: Ball
2-2: Strikes out swinging
Bottom of the 8th over - 0 run(s), 1 hit(s), 0 error(s), 1 left on base; Beaverton 5 - Athens 1
TOP OF THE 9TH
Beaverton Bronze Souls batting - Pitching for Athens Assassins : LHP Mario López
Batting: RHB Vernon Harris 0-0: Called Strike
0-1: Called Strike
0-2: Ball
1-2: Ground out 5-3 (Groundball, 56)
Batting: RHB Rubén Ramírez 0-0: Ball
1-0: Ball
2-0: Called Strike
2-1: Ball
3-1: Reached on error, E6 (Groundball, 6)
Batting: SHB Caleb Hart 0-0: Called Strike
0-1: Foul Ball, location: 2F
0-2: Ball
1-2: Ball
2-2: Foul Ball, location: 2F
2-2: Fly out, F9 (Flyball, 89S)
Batting: RHB José Dávila 0-0: Ball
1-0: Ball
2-0: Ball
3-0: Foul Ball, location: 2F
3-1: Base on Balls
Rubén Ramírez to second
Pitching: RHP José Arévalo
Batting: SHB Alberto Sandoval 0-0: Fly out, F2 (Popup, 23)
Top of the 9th over - 0 run(s), 0 hit(s), 1 error(s), 2 left on base; Beaverton 5 - Athens 1
BOTTOM OF THE 9TH
Athens Assassins batting - Pitching for Beaverton Bronze Souls : RHP Joe Bailey
Batting: RHB Luis López 0-0: Swinging Strike
0-1: Ball
1-1: Ball
2-1: Ball
3-1: Foul Ball, location: 2F
3-2: Fly out, F7 (Flyball, 7LS)
Batting: LHB Miguel García 0-0: Ball
1-0: Called Strike
1-1: Called Strike
1-2: Ball
2-2: Foul Ball, location: 2F
2-2: Strikes out swinging
Batting: RHB Maximino Abbado 0-0: Called Strike
0-1: Ball
1-1: Ground out 6-3 (Groundball, 6)
Bottom of the 9th over - 0 run(s), 0 hit(s), 0 error(s), 0 left on base; Beaverton 5 - Athens 1
Thursday, March 30th, 2017 - OOTP Baseball 17.12 Build 75